 Dungeon Crawl Stone Soup version 0.29.1-4-g47bece8355 (webtiles) character file.

Game seed: 8397259810841541265

630 Peloso the Covered (level 7, 0/61 HPs)
             Began as a Minotaur Fighter on Dec 10, 2022.
             Slain by an iguana (11 damage)
             ... on level 5 of the Dungeon.
             The game lasted 00:09:16 (4828 turns).

Peloso the Covered (Minotaur Fighter)               Turns: 4828, Time: 00:09:17

Health: 0/61       AC:  4    Str: 20    XL:     7   Next: 24%
Magic:  2/2        EV:  7    Int:  5    God:
Gold:   274        SH:  5    Dex: 12    Spells: 6/6 levels left

rFire   . . .      SeeInvis .   b - +6 whip of Brawling {antimagic, rElec rPois rC+ Stlth+}
rCold   + . .      Faith    .   h - +0 buckler
rNeg    . . .      Spirit   .   c - +0 chain mail
rPois   +          Reflect  .   (helmet restricted)
rElec   +          Harm     .   d - +0 cloak
rCorr   .          Rampage  .   (no gloves)
Will    .....                   m - +0 pair of boots
Stlth   ..........              (no amulet)
HPRegen 0.20/turn               (no ring)
MPRegen 0.08/turn               (no ring)

@: corroded
A: horns 2, retaliatory headbutt
a: no special abilities


You were on level 5 of the Dungeon.
You visited 1 branch of the dungeon, and saw 5 of its levels.
You also visited: Sewer.

You collected 274 gold pieces.

Inventory:

Hand Weapons
 a - a +1 long sword
 b - the +6 whip of Brawling (weapon) {antimagic, rElec rPois rC+ Stlth+}
   (You found it on level 4 of the Dungeon)

   It reduces the magical energy of the wielder, and disrupts the spells and
   magical abilities of those it strikes.
   Natural abilities and divine invocations are not affected.
   rC:        It protects you from cold.
   rElec:     It insulates you from electricity.
   rPois:     It protects you from poison.
   Stlth:     It makes you more stealthy.
Armour
 c - a +0 chain mail (worn)
 d - a +0 cloak (worn)
 h - a +0 buckler (worn)
 m - a +0 pair of boots (worn)
Jewellery
 B - a ring of protection from cold
Scrolls
 e - 3 scrolls of poison
 g - 2 scrolls of magic mapping
 i - a scroll of brand weapon
 k - a scroll of blinking
 o - 2 scrolls of teleportation
 q - 2 scrolls of enchant armour
 s - 3 scrolls of noise
 u - a scroll of amnesia {unknown}
 v - a scroll of fog {unknown}
 w - a scroll of torment {unknown}
 x - a scroll of enchant weapon
 y - a scroll of silence {unknown}
Potions
 f - 7 potions of flight
 j - a potion of mutation
 l - 2 potions of might
 n - a potion of berserk rage {unknown}
 p - a potion of magic
 z - a potion of haste {unknown}
 A - a potion of curing {unknown}


   Skills:
 + Level 5.2 Fighting
 + Level 5.2 Long Blades
 + Level 4.2 Maces & Flails
 + Level 5.6 Armour
 + Level 1.5 Dodging
 + Level 0.2 Stealth
 + Level 4.6 Shields


You had 6 spell levels left.
You didn't know any spells.
Your spell library contained the following spells:

 Spells                   Type           Power      Damage    Failure   Level
 Foxfire                  Conj/Fire      0%         2x1d4     99%         1
 Necrotise                Necr           0%         1d4       99%         1
 Summon Small Mammal      Summ           0%         N/A       99%         1
 Call Canine Familiar     Summ           0%         N/A       100%        3
 Conjure Flame            Conj/Fire      0%         6-21      100%        3
 Inner Flame              Hex/Fire       0%         N/A       100%        3
 Summon Guardian Golem    Hex/Summ       0%         N/A       100%        3
 Vampiric Draining        Necr           0%         2d6       100%        3
 Flame Wave               Conj/Fire      0%         2d4       100%        4
 Agony                    Necr           0%         N/A       100%        5


Dungeon Overview and Level Annotations

Branches:
Dungeon (5/15)              Sewer (visited)
 Temple: D:4-7

Altars:
Ru

Annotations:
D:3 2 transporters, kalagan's ghost, amateur DECj


Innate Abilities, Weirdness & Mutations

You have a pair of horns on your head.
You reflexively headbutt those who attack you in melee.


Message History

You hit the jelly but do no damage.
Your hands burn!
You headbutt the jelly, but do no damage.
The jelly is severely wounded.
The jelly hits you.
You are splashed with acid!
The iguana bites you!
You hit the jelly.
Your hands burn!
You headbutt the jelly, but do no damage.
The jelly is almost dead.
You hit the jelly.
You kill the jelly!
The iguana bites you.
Your Fighting skill increases to level 5!
The iguana barely misses you.
You hit the iguana.
The iguana is lightly wounded.
The iguana hisses menacingly.
The iguana closely misses you.
You hit the iguana but do no damage.
The iguana is lightly wounded.
The iguana barely misses you.
You hit the iguana.
The iguana is moderately wounded.
You block the iguana's attack.
You hit the iguana but do no damage.
The iguana is moderately wounded.
The iguana bites you.
You hit the iguana but do no damage.
The iguana is moderately wounded.
The iguana bites you.
You hit the iguana but do no damage.
The iguana is moderately wounded.
The iguana bites you!
* * * LOW HITPOINT WARNING * * *
You closely miss the iguana. You headbutt the iguana.
The iguana is heavily wounded.
The iguana bites you.
* * * LOW HITPOINT WARNING * * *
You hit the iguana.
The iguana is severely wounded.
The iguana bites you!
You die...

**
***,,,...........#*
* ****...........#
***#........#
#####..#.##
##...##..# ***##***
##..####..#
*,,....####..##
##.#
**,,........### #.#
*,,,....!..l@.# #.#
*,,,..........#
#.## ##
*,,,..........#
##.# .#
**,,..........# #.#
.# *#..........##
#.# .##
*#...........#
####.##
..###..##....>..##
#.##..#
.##...#**##.....*
##.....## .#...#*
***,,** #.......#


You could see an iguana.

Vanquished Creatures
  A scorpion (D:4)
  A howler monkey (D:5)
  An orc priest (D:4)
  A jelly (D:5)
  A hound (D:5)
  An iguana (D:4)
  2 orc wizards (D:4)
  6 gnolls
  12 adders
  7 river rats
  4 worms
  A dart slug (D:2)
  13 orcs
  18 ball pythons
  13 bats
  5 endoplasms
  4 giant cockroaches
  3 goblins
  7 hobgoblins
  3 jackals
  3 quokkas
  5 frilled lizards
  12 kobolds
  3 rats
127 creatures vanquished.

Vanquished Creatures (others)
  8 plants (D:4)
8 creatures vanquished.

Grand Total: 135 creatures vanquished

Notes
Turn   | Place    | Note
-------+----------+-------------------------------------------
     0 | D:1      | Peloso the Minotaur Fighter began the quest for the Orb.
     0 | D:1      | Reached XP level 1. HP: 19/19 MP: 0/0
   165 | D:1      | Reached XP level 2. HP: 18/27 MP: 1/1
   311 | D:1      | Found a faded altar of an unknown god.
  1007 | D:2      | Reached XP level 3. HP: 29/33 MP: 2/2
  1301 | D:2      | Reached XP level 4. HP: 41/41 MP: 3/3
  1647 | D:3      | Found a transporter.
  1652 | D:3      | Found a transporter.
  1653 | D:3      | Noticed kalagan's ghost (amateur DECj)
  1654 | D:3      | Identified the +2 giant spiked club of Heptarong {venom,
                  | *Rage rElec rCorr Int+5}
  1654 | D:3      | Noticed an ogre
  2521 | D:4      | Identified the +6 whip of Brawling {antimagic, rElec rPois
                  | rC+ Stlth+}
  2528 | D:4      | Noticed a scorpion
  2542 | D:4      | Killed a scorpion
  2543 | D:4      | Reached XP level 5. HP: 47/47 MP: 4/4
  2577 | D:4      | Reached skill level 1 in Dodging
  2580 | D:4      | Reached skill level 5 in Long Blades
  2587 | D:4      | Reached skill level 5 in Armour
  2704 | D:4      | Reached XP level 6. HP: 42/53 MP: 1/5
  2804 | D:4      | Found a sacrificial altar of Ru.
  2885 | D:4      | Reached skill level 1 in Maces & Flails
  3340 | D:5      | Entered Level 5 of the Dungeon
  3438 | D:5      | Found a glowing drain.
  3463 | Sewer    | Entered a sewer
  4483 | D:5      | Reached XP level 7. HP: 57/60 MP: 2/6
  4820 | D:5      | Reached skill level 5 in Fighting
  4828 | D:5      | Slain by an iguana

Illustrated notes

Levels and vault maps discovered:
D:1:      scummos_arrival_simple_crosswalls, layout_rooms,
          shapermc_ecumenical_altar_venn, eino_curves_02, minmay_misc_feat_chi,
          dreamdust_princess_corridor
D:2:      layout_rooms
D:3:      layout_basic, gammafunk_ghost_smash
D:4:      layout_loops_ring, mainiacjoe_overflow_boulevard, glass_columns_b
D:5:      layout_cave_pods, portal_sewer_entry_b

Skill      XL: |  1  2  3  4  5  6  7 |
---------------+----------------------+-----
Armour         | 4 5 |  5.6
Fighting       | 4 5 |  5.2
Long Blades    | 3 4 5 |  5.2
Shields        | 4 |  4.6
Dodging        | 1 |  1.5
Maces & Flails | 3 4 |  4.2
Stealth        | |  0.2

Action                   |  1- 3 |  4- 6 |  7- 9 || total
-------------------------+-------+-------+-------++-------
Melee: Long sword        |    81 |    52 |       ||   133
       Headbutt          |     6 |    27 |     7 ||    40
       Whip              |       |   152 |    28 ||   180
  Use: Scroll            |     4 |     4 |     3 ||    11
       Potion            |     1 |     4 |       ||     5
Armor: Scale mail        |    11 |       |       ||    11
       Chain mail        |    35 |   213 |    10 ||   258
Dodge: Dodged            |    39 |   109 |    12 ||   160
Block: Buckler           |    16 |    82 |     6 ||   104
